AoeStats
← El Inka Chable

MegaRandom

504114248Analyzed
2v2 RM · 27d ago on Sep 4, 2026· 62m 53s· 4 players
Game mode
Random Map
Map size
Medium (4 player)
Population
200
Speed
Normal
Resources
Standard
Victory
Conquest
Starting age
Dark Age
Ending age
Imperial Age
RankedLock teamsTeams togetherTeam positionsShared explorationLock speedFull tech treeHidden civsTurbo modeCheats
Victory
Defeat
🇺🇸 Huns · United States
896
+17
🇵🇪 Huns · Peru
839
+54
🇨🇦 Franks · Canada
952
-20
🇨🇦 Huns · Canada
899
-17
Neumanoooo
11:00 Feudal Age
12:21 Wheelbarrow
18:45 Castle Age
17:57 Bloodlines
17:41 Double-Bit Axe
17:40 Horse Collar
18:47 Gold Mining
18:49 Stone Mining
27:56 Heavy Plow
28:10 Bow Saw
28:44 Gold Shaft Mining
29:52 Hand Cart
32:42 Imperial Age
32:52 Imperial Age
30:39 Scale Barding Armor
30:26 Fletching
32:09 Ballistics
33:18 Forging
33:08 Scale Mail Armor
33:28 Chain Barding Armor
33:04 Bodkin Arrow
33:09 Padded Archer Armor
33:20 Husbandry
33:40 Thumb Ring
33:04 Cavalier
35:18 Iron Casting
34:58 Chain Mail Armor
36:19 Chemistry
35:43 Conscription
36:40 Two-Man Saw
35:58 Murder Holes
37:52 Bracer
38:30 Plate Barding Armor
38:13 Bracer
40:21 Blast Furnace
39:36 Leather Archer Armor
39:56 Parthian Tactics
40:20 Paladin
42:02 Town Watch
42:07 Heavy Cavalry Archer
El Inka Chable
10:55 Feudal Age
12:12 Wheelbarrow
11:38 Double-Bit Axe
11:38 Horse Collar
20:11 Castle Age
21:32 Hand Cart
21:21 Heavy Plow
22:03 Bow Saw
26:37 Stone Mining
28:15 Fervor
28:28 Squires
27:49 Pikeman
31:27 Fletching
31:48 Forging
31:44 Scale Barding Armor
31:44 Gold Mining
32:42 Husbandry
33:33 Bloodlines
32:46 Light Cavalry
37:02 Imperial Age
35:20 Gold Shaft Mining
35:43 Bodkin Arrow
36:24 Iron Casting
36:10 Chain Barding Armor
37:39 Murder Holes
38:05 Ballistics
38:48 Hussar
39:55 Conscription
40:43 Blast Furnace
40:19 Plate Barding Armor
39:45 Bracer
40:03 Town Watch
41:23 Chemistry
42:16 Two-Man Saw
47:47 Town Patrol
47:33 Loom
52:43 Halberdier
54:55 Elite Tarkan
test123
10:49 Feudal Age
9:05 Loom
12:30 Double-Bit Axe
18:43 Castle Age
21:07 Scale Barding Armor
20:53 Fletching
21:46 Gold Mining
23:04 Forging
24:15 Husbandry
25:35 Bow Saw
25:43 Elite Skirmisher
29:28 Chain Barding Armor
29:04 Bodkin Arrow
33:43 Imperial Age
32:56 Wheelbarrow
33:19 Iron Casting
34:43 Gold Shaft Mining
34:47 Sanctity
34:54 Chivalry
35:33 Cavalier
35:40 Pikeman
36:20 Squires
36:06 Arson
36:18 Light Cavalry
37:49 Arrowslits
38:15 Fortified Wall
39:54 Paladin
41:28 Halberdier
43:59 Plate Barding Armor
44:25 Padded Archer Armor
44:50 Ballistics
44:35 Murder Holes
54:56 Hand Cart
54:59 Caravan
57:38 Onager
FIGMAN
8:08 Loom
10:43 Feudal Age
20:15 Castle Age
18:34 Horse Collar
19:44 Scale Barding Armor
20:18 Pikeman
24:01 Fletching
26:11 Chain Barding Armor
25:52 Padded Archer Armor
25:42 Double-Bit Axe
27:51 Leather Archer Armor
27:58 Squires
27:20 Elite Skirmisher
29:49 Wheelbarrow
29:28 Husbandry
29:38 Bloodlines
30:05 Bow Saw
30:38 Heavy Plow
30:50 Bodkin Arrow
32:00 Hand Cart
32:06 Hand Cart
35:22 Imperial Age
34:07 Hand Cart
33:41 Town Watch
35:00 Forging
37:35 Marauders
38:54 Plate Barding Armor
38:20 Bracer
39:30 Scale Mail Armor
41:01 Chemistry
40:56 Atheism
42:17 Iron Casting
42:52 Thumb Ring
42:43 Arson
44:06 Coinage
44:38 Cavalier
45:33 Town Patrol
45:23 Sappers
45:51 Elite Tarkan
46:55 Caravan
48:12 Blast Furnace
47:12 Halberdier
52:06 Chain Mail Armor
52:51 Paladin
56:13 Light Cavalry
57:05 Hussar
Connection lost

Rejoining the realm…

Still unreachable

The connection could not be restored.

Session expired

The server has moved on; the page needs a fresh start.